 Dungeon Crawl Stone Soup version 0.31-a0-210-gccc998df9b (webtiles) character file.

Game seed: 15795192295521143333

23 qw the Shooter (level 2, -3/24 HPs)
             Began as a Minotaur Hexslinger on June 29, 2023.
             Slain by a worm (10 damage)
             ... on level 2 of the Dungeon.
             The game lasted 00:00:17 (736 turns).

qw the Shooter (Minotaur Hexslinger)                 Turns: 736, Time: 00:00:17

Health: -3/24      AC:  4    Str: 12    XL:     2   Next: 75%
Magic:  2/2        EV: 11    Int: 10    God:
Gold:   11         SH:  0    Dex: 12    Spells: 2/3 levels left

rFire   . . .        Y - +1 sling
rCold   . . .        (no shield)
rNeg    . . .        i - +0 leather armour
rPois   .            (helmet restricted)
rElec   .            (no cloak)
rCorr   .            (no gloves)
SInv    .            l - +0 pair of boots
Will    .....        (no amulet)
Stlth   +            (no ring)
HPRegen 0.24/turn    (no ring)
MPRegen 0.08/turn

%: no passive effects
@: no status effects
A: horns 2, retaliatory headbutt
a: no special abilities


You were on level 2 of the Dungeon.
You visited 1 branch of the dungeon, and saw 2 of its levels.

You collected 11 gold pieces.


Innate Abilities, Weirdness & Mutations

You have a pair of horns on your head.
You reflexively headbutt those who attack you in melee.


   Skills:
 - Level 2.0 Fighting
 + Level 3.3 Ranged Weapons
 - Level 2.1 Dodging
 - Level 1.0 Spellcasting
 - Level 2.0 Hexes


You had 2 spell levels left.
You knew the following spells:

 Your Spells              Type           Power      Damage    Failure   Level
a - Slow                  Hex            16%        N/A       19%         1

Your spell library contained the following spells:

 Spells                   Type           Power      Damage    Failure   Level
 Inner Flame              Hex/Fire       2%         N/A       65%         3
 Portal Projectile        Hex/Tloc       4%         N/A       65%         3
 Cause Fear               Hex            2%         N/A       88%         4

Inventory:

Hand Weapons
 Y - a +1 sling (weapon)
Armour
 i - a +0 leather armour (worn)
 l - a +0 pair of boots (worn)
Jewellery
 k - a ring of ice
Scrolls
 a - a scroll of identify
Potions
 e - a potion of cancellation {unknown}
 g - a potion of ambrosia {unknown}
 h - a potion of haste {unknown}

Dungeon Overview and Level Annotations

Branches:
Dungeon (2/15)

Altars:


Message History

You shoot a sling bullet. The sling bullet hits the hobgoblin.
You kill the hobgoblin!
The dart slug launches a dart at you.
The slug dart hits you but does no damage.
You shoot a sling bullet. The sling bullet hits the dart slug.
You kill the dart slug!
You shoot a sling bullet. The sling bullet hits the worm.
The worm is lightly wounded.
A rat comes into view.
You shoot a sling bullet. The sling bullet hits the worm.
The worm is moderately wounded.
You shoot a sling bullet.
The sling bullet barely misses the worm.
You shoot a sling bullet. The sling bullet hits the worm.
The worm is moderately wounded.
You shoot a sling bullet.
The sling bullet hits the worm but does no damage.
The worm is moderately wounded.
The worm bites you!
You shoot a sling bullet. The sling bullet hits the worm.
The worm is heavily wounded.
The rat misses you. The worm bites you but does no damage.
You shoot a sling bullet. The sling bullet hits the worm.
The worm is heavily wounded.
The rat bites you.
You shoot a sling bullet. The sling bullet hits the worm.
The worm is almost dead.
The rat bites you but does no damage. The worm closely misses you.
The rat barely misses you.
You shoot a sling bullet.
The sling bullet barely misses the worm.
The worm bites you. The rat bites you but does no damage.
You shoot a sling bullet.
The sling bullet completely misses the worm.
The rat bites you. The worm barely misses you. You furiously retaliate!
You headbutt the worm, but do no damage.
You shoot a sling bullet.
The sling bullet barely misses the worm.
The rat bites you. The worm bites you!
You die...

.########
........####
.........$.####.
........@w%%%...
......#.#r...#..
#.##..#.#....#
#.....#.#....#
#.###...#....#
#.......#....#
######.###.###
#..........#
##.########..#


You could see a worm and a rat.

Vanquished Creatures
  A dart slug (D:2)
  4 ball pythons
  2 bats
  An endoplasm (D:1)
  A giant cockroach (D:1)
  3 goblins (D:1)
  A hobgoblin (D:2)
  A quokka (D:1)
  3 frilled lizards
  3 kobolds
  A rat (D:1)
21 creatures vanquished.

Notes
Turn   | Place    | Note
-------+----------+-------------------------------------------
     0 | D:1      | qw the Minotaur Hexslinger began the quest for the Orb.
     0 | D:1      | Reached XP level 1. HP: 16/16 MP: 1/1
     0 | D:1      | 0 ||| qw: Version: 0.3-a-24-g62f9e04
     0 | D:1      | 0 ||| qw: Game counter: 6713
     0 | D:1      | 0 ||| qw: Melee chars always use a shield: true
     0 | D:1      | 0 ||| qw: God list: Okawaru
     0 | D:1      | 0 ||| qw: Allow faded altars: false
     0 | D:1      | 0 ||| qw: Do Orc after clearing Dungeon:15 true
     0 | D:1      | 0 ||| qw: Do second Lair branch before Depths: true
     0 | D:1      | 0 ||| qw: Lair rune preference: random
     0 | D:1      | 0 ||| qw: Goals: Normal
     0 | D:1      | 0 ||| PLANNING D:1-11
   140 | D:1      | Reached skill level 3 in Ranged Weapons
   188 | D:1      | Reached XP level 2. HP: 23/23 MP: 2/2
   654 | D:1      | 654 ||| UPGRADING to +0 leather armour.
   664 | D:1      | 664 ||| DROPPING +0 robe.
   665 | D:1      | 665 ||| UPGRADING to +0 pair of boots.
   670 | D:1      | 670 ||| DROPPING +6 ring of intelligence.
   671 | D:1      | 671 ||| READING 2 scrolls labelled MELINE ETAM.
   672 | D:1      | 672 ||| READING scroll labelled SAIBYEHUMA.
   673 | D:1      | 673 ||| READING scroll labelled OXKANG BONU.
   674 | D:1      | 674 ||| DROPPING scroll of poison.
   736 | D:2      | Slain by a worm

Levels and vault maps discovered:
D:1:      psy_arrival_fountain, layout_basic
D:2:      layout_basic, uniq_crazy_yiuf_cottage, uniq_jessica, uniq_robin

Skill      XL: |  1  2 |
---------------+-------+-----
Ranged Weapons | 3 |  3.3
Fighting       | 2 |  2.0
Dodging        | |  2.1
Spellcasting   | |  1.0
Hexes          | |  2.0

Action                     || total
---------------------------++-------
   Fire: Sling             ||    58
    Use: Scroll            ||     3
 Armour: Robe              ||     1
         Leather armour    ||     4
  Dodge: Dodged            ||    18

Table legend:
 A = Non-vault XP
 B = Vault XP
 C = Vault XP percentage of total XP
 D = Non-vault monster count
 E = Vault monster count
 F = Vault count percentage of total count
                 A         B        C        D         E       F
            +---------+---------+-------+---------+---------+-------
      Total |      34 |       0 |   0.0 |      21 |       0 |   0.0
            +---------+---------+-------+---------+---------+-------
        D:1 |      23 |       0 |   0.0 |      14 |       0 |   0.0
        D:2 |      11 |       0 |   0.0 |       7 |       0 |   0.0
            +---------+---------+-------+---------+---------+-------
